 Dungeon Crawl Stone Soup version 0.27-a0-965-gbf8bb431c4 (webtiles) character file.

Game seed: 9277999163322926610

2291 robertstho the Covert (level 9, 0/93 HPs)
             Began as an Octopode Berserker on Apr 12, 2021.
             Was an Elder of Trog.
             Slain by an ogre
             ... wielding a +0 giant club
              (22 damage)
             ... on level 6 of the Dungeon.
             The game lasted 00:08:35 (7588 turns).

robertstho the Covert (Octopode Berserker)          Turns: 7588, Time: 00:08:36

Health: 0/93       AC:  3    Str: 16    XL:     9   Next: 40%
Magic:  9/9        EV: 15    Int:  9    God:    Trog [****..]
Gold:   231        SH:  0    Dex: 15    Spells: 8/8 levels left

rFire    . . .     SeeInvis .   l - +1 short sword (elec)
rCold    . . .     Faith    .   (no shield)
rNeg     . . .     Spirit   .   i - +2 hat
rPois    .         Reflect  .   (no amulet)
rElec    .         Harm     .   w - ring of flight
rCorr    .         Rampage  .   t - ring of willpower
Will     +....                  (no ring)
Stlth    ..........             (no ring)
HPRegen  0.25/turn              (no ring)
MPRegen  0.11/turn              (no ring)
                                (no ring)
                                (no ring)

@: berserking, flying, very quick
A: almost no armour, amphibious, 8 rings, camouflage 1, gelatinous body 1,
(nimble swimmer 1), tentacles
a: Renounce Religion, Berserk, Trog's Hand, Brothers in Arms


You were on level 6 of the Dungeon.
You worshipped Trog.
Trog was greatly pleased with you.
You visited 1 branch of the dungeon, and saw 6 of its levels.
You also visited: Sewer and Ossuary.

You collected 231 gold pieces.

Inventory:

Hand Weapons
 a - a +0 spear
 l - a +1 short sword of electrocution (weapon)
Missiles
 d - a throwing net
 j - 6 atropa-tipped darts
 m - a curare-tipped dart
Armour
 i - a +2 hat (worn)
Jewellery
 t - a ring of willpower (right tentacle)
 w - a ring of flight (left tentacle)
Wands
 f - a wand of polymorph (9)
 g - a wand of flame (5)
Scrolls
 k - 2 scrolls of vulnerability {unknown}
 o - a scroll of enchant weapon {unknown}
 r - 2 scrolls of identify
 s - a scroll of fear {unknown}
 u - a scroll of teleportation
Potions
 b - 4 potions of heal wounds
 c - 2 potions of resistance
 e - a potion of haste
 h - 2 potions of curing
 n - 4 potions of flight
 p - a potion of might {unknown}
 q - a potion of lignification
 v - a potion of mutation
 x - a potion of attraction {unknown}


   Skills:
 + Level 6.0 Fighting
 + Level 3.7 Short Blades
 + Level 7.2 Polearms
 + Level 5.3 Dodging
 + Level 9.1 Stealth
 + Level 1.2 Evocations


You had 8 spell levels left.
You didn't know any spells.
Your spell library was empty.

Dungeon Overview and Level Annotations

Branches:
Dungeon (6/15)             Temple (0/1) D:6           Sewer (visited)
Ossuary (visited)

Altars:
Dithmenos
The Shining One


Innate Abilities, Weirdness & Mutations

You cannot wear most types of armour.
You are amphibious.
You can wear up to eight rings at the same time.
Your skin changes colour to match your surroundings (Stealth+).
Your rubbery body absorbs attacks. (AC +1, EV +1)
((You are camouflaged near water. (Stealth+)))
You have tentacles for arms and can constrict up to eight enemies at once.


Message History

You see here a sedimented coppery potion.
x - a sedimented coppery potion The orc hits you with a +0 hand axe.
The orc hits you with a +0 short sword.
There is an open door here.
You hit the orc. Your grab misses the orc.
The orc is heavily wounded.
The orc hits you but does no damage.
You completely miss the orc. You grab the orc.
The orc is heavily wounded.
You constrict the orc.
The orc struggles to escape constriction.
You barely miss the orc.
The orc is almost dead.
You constrict the orc.
You kill the orc!
Trog accepts your kill.
You hit the orc. Lightning courses through the orc!
You kill the orc!
Trog accepts your kill.
You hit the orc. You grab the orc.
The orc is almost dead.
You constrict the orc.
You kill the orc!
Trog accepts your kill.
You hit the ogre.
The ogre is lightly wounded.
You hit the ogre.
The ogre is moderately wounded.
The ogre closely misses you.
You hit the ogre. Your squeeze misses the ogre.
The ogre is moderately wounded.
The ogre hits you with a +0 giant club!!
* * * LOW HITPOINT WARNING * * *
You are too injured to fight recklessly!
You are too injured to fight recklessly!
You are too injured to fight recklessly!
A red film seems to cover your vision as you go berserk!
You feel yourself moving faster!
You feel mighty!
The ogre hits you with a +0 giant club!!
You die...

#####....##,,,,,,,*
...##.....#,,.....*
..........#,,,....*
.......>..#,,,,...*
..........#,,,,,..*
#####.....#,,,,,,.#########*
...###############.........*
.................O.........*
................@#..)......*
.................#.).......*
.................#.O.......*
.................#.........*
.................#.........*
.................#.........*
#..###############.........*
#..##,,,,,,,,,,,,.....#####*
#...#,,,,,,,,,,,,,,,,,*


You could see an ogre.

Vanquished Creatures
  A black bear (D:4)
  2 hornet zombies (Ossuary)
  2 ice beasts (D:5)
  3 ogres
  2 kobold brigands
  A bullfrog (D:6)
  2 wyvern zombies (Ossuary)
  A water moccasin zombie (Ossuary)
  A water moccasin skeleton (D:5)
  A howler monkey (D:6)
  8 bullfrog zombies
  A centaur zombie (Ossuary)
  2 orc priests
  3 bullfrog skeletons
  An iguana (D:5)
  3 orc wizards
  A killer bee zombie (Ossuary)
  13 mummies (Ossuary)
  2 howler monkey zombies
  7 gnolls
  3 river rats (Sewer)
  6 adders
  2 white imps
  2 ufetubi
  A dart slug (D:2)
  14 orcs
  8 ball pythons
  3 endoplasms
  7 giant cockroaches
  6 goblins
  6 hobgoblins
  6 jackals
  14 kobolds
  9 quokkas
  6 bats
  4 frilled lizards
  3 rats
157 creatures vanquished.

Vanquished Creatures (others)
  7 withered plants (Ossuary)
7 creatures vanquished.

Grand Total: 164 creatures vanquished

Notes
Turn   | Place    | Note
-------+----------+-------------------------------------------
     0 | D:1      | robertstho the Octopode Berserker began the quest for the
                  | Orb.
     0 | D:1      | Reached XP level 1. HP: 16/16 MP: 1/1
    51 | D:1      | Found a faded altar of an unknown god.
   145 | D:1      | Reached XP level 2. HP: 16/21 MP: 2/2
  1117 | D:2      | Reached skill level 1 in Stealth
  1117 | D:2      | Reached XP level 3. HP: 26/26 MP: 3/3
  1485 | D:2      | Reached XP level 4. HP: 24/31 MP: 4/4
  1663 | D:2      | Reached skill level 2 in Stealth
  2003 | D:2      | Reached ** piety under Trog
  2451 | D:2      | Reached XP level 5. HP: 12/37 MP: 5/5
  2839 | D:3      | Reached skill level 3 in Stealth
  3461 | D:3      | Found a shadowy altar of Dithmenos.
  3461 | D:3      | Found a glowing golden altar of the Shining One.
  3772 | D:4      | Found a glowing drain.
  3799 | Sewer    | Entered a sewer
  3934 | Sewer    | Noticed a kobold brigand
  3946 | Sewer    | Killed a kobold brigand
  3947 | Sewer    | Reached skill level 4 in Stealth
  3947 | Sewer    | Reached XP level 6. HP: 43/43 MP: 6/6
  3979 | Sewer    | Found a white marble altar of Elyvilon.
  4049 | D:4      | Noticed a black bear
  4059 | D:4      | Killed a black bear
  4060 | D:4      | Reached skill level 5 in Stealth
  4691 | D:4      | Reached skill level 5 in Polearms
  4691 | D:4      | Reached skill level 6 in Stealth
  4691 | D:4      | Reached XP level 7. HP: 48/48 MP: 7/7
  4804 | D:5      | Entered Level 5 of the Dungeon
  4909 | D:5      | Reached *** piety under Trog
  4922 | D:5      | Reached skill level 7 in Stealth
  4927 | D:5      | Reached XP level 8. HP: 26/54 MP: 8/8
  5247 | D:5      | Reached skill level 1 in Evocations
  5543 | D:5      | Reached skill level 8 in Stealth
  6340 | D:6      | Found a sand-covered staircase.
  6344 | Ossuary  | Entered an ossuary
  6393 | Ossuary  | Reached skill level 5 in Fighting
  6441 | Ossuary  | Reached skill level 1 in Short Blades
  6622 | Ossuary  | Reached XP level 9. HP: 53/61 MP: 9/9
  6849 | Ossuary  | Reached skill level 5 in Dodging
  6873 | Ossuary  | Reached **** piety under Trog
  6935 | Ossuary  | Reached skill level 9 in Stealth
  7328 | D:6      | Found a staircase to the Ecumenical Temple.
  7588 | D:6      | Slain by an ogre

Illustrated notes

Levels and vault maps discovered:
D:1:      roderic_crossed_star, layout_basic,
          hellmonk_ecumenical_altar_pennies_from_heaven, lemuel_old_faithful
D:2:      minmay_diamond_boxcup, layout_basic, hangedman_decor_points
D:3:      layout_basic, gammafunk_temple_overflow_elements
D:4:      layout_basic, portal_sewer_entry_f
D:5:      cheibrodos_iron_armory, layout_loops_corners
D:6:      layout_gridville, nemelex_diamond_rough_becter,
          minmay_temple_entry_proselytizer, enter_ossuary_5

Skill      XL: |  1  2  3  4  5  6  7  8  9 |
---------------+----------------------------+-----
Stealth        | 1 2 4 6 7 8 9 |  9.1
Polearms       | 4 5 7 |  7.2
Fighting       | 4 5 6 |  6.0
Dodging        | 4 5 |  5.3
Evocations     | 1 |  1.2
Short Blades   | 1 3 |  3.7

Action                   |  1- 3 |  4- 6 |  7- 9 || total
-------------------------+-------+-------+-------++-------
Melee: Spear             |    58 |   161 |   107 ||   326
       Constrict         |    10 |    34 |    42 ||    86
       Tentacles         |     8 |    25 |    43 ||    76
       Short sword       |       |       |   104 ||   104
Invok: Berserk           |     2 |     7 |    10 ||    19
       Trog's Hand       |       |     1 |     2 ||     3
Evoke: Wand              |       |     8 |     3 ||    11
  Use: Scroll            |       |     5 |    11 ||    16
       Potion            |       |     1 |     2 ||     3
 Stab: Sleeping          |     7 |    25 |     5 ||    37
       Distracted        |       |     1 |     3 ||     4
Armor: Skin              |       |    23 |    19 ||    42
Dodge: Dodged            |    28 |    78 |   107 ||   213

Table legend: (Time is in decaauts)
 A = Elapsed time spent in this place.
 B = Non-inter-level travel time spent in this place.
 C = Inter-level travel time spent in this place.
 D = Time resting spent in this place.
 E = Time spent auto-exploring this place.
 F = Levels seen in this place.
 G = Mean time per level.
                   A        B        C        D        E       F      G
               +--------+--------+--------+--------+--------+-----+--------+
         Total |   7687 |   7458 |    229 |   1478 |   4909 |   8 |  960.9 |
       Dungeon |   6511 |   6282 |    229 |    914 |   4581 |   6 | 1085.2 |
         Sewer |    226 |    226 |      0 |     28 |    129 |   1 |  226.0 |
       Ossuary |    950 |    950 |      0 |    536 |    198 |   1 |  950.0 |
               +--------+--------+--------+--------+--------+-----+--------+

Top non-repeatable levels by time:
     D:1: 1591 daAuts
     D:2: 1274 daAuts
     D:4: 1171 daAuts
     D:5: 1070 daAuts
 Ossuary: 950 daAuts
     D:3: 826 daAuts
     D:6: 577 daAuts
   Sewer: 226 daAuts
